[Event "Titled Tuesday Blitz October 31 Early 2023"]
[White "secrethawk1"]
[Black "Skliarov, Viktor"]
[BlackFideId "14106736"]
[WhiteElo "2373"]
[BlackElo "2636"]
[Result "0-1"]
[Round "6"]
[TimeControl "180+1"]
[Date "2023.10.31"]
[WhiteClock "0:00:05"]
[BlackClock "0:00:21"]
[Board "73"]

1. d4 Nf6 2. Bf4 g6 3. Nf3 Bg7 4. e3 d6 5. Be2 O-O 6. h3 c5 7. c3 Qb6 8. Qb3 Be6 9. Qxb6 axb6 10. a3 cxd4 11. exd4 Nh5 12. Bh2 Bh6 13. g4 Nf4 14. g5 Nxe2 15. gxh6 Nc1 16. Nbd2 Nd3+ 17. Ke2 Nxb2 18. Ng5 Bd5 19. Rhb1 Nc4 20. Rb5 Bc6 21. Rb4 Nxd2 22. Kxd2 b5 23. Re1 Na6 24. Rb2 Rfe8 25. f4 Nc7 26. h4 f6 27. Ne6 Nxe6 28. Rxe6 Kf7 29. Re1 Rxa3 30. Kd3 f5 31. Bg1 Be4+ 32. Kd2 Rc8 33. Rc1 Rc4 34. Rxb5 Ra2+ 35. Ke3 Rg2 36. Bf2 Ra4 37. Rb2 Bd5 38. Rbc2 Bc4 39. Rb2 b5 40. Rg1 Rxg1 41. Bxg1 Ra1 42. Bf2 Ke6 43. Kd2 Kd5 44. Ke3 Rh1 45. Rd2 Rh3+ 46. Bg3 Rxg3+ 47. Kf2 Rxc3 48. h5 gxh5 49. Rd1 h4 50. Rh1 Kxd4 51. Rxh4 Ke4 52. Rh5 Kxf4 53. Rh4+ Kg5 54. Rh1 Rc2+ 55. Ke3 Bd5 56. Rg1+ Rg2 57. Re1 e5 58. Kd3 Be4+ 59. Kc3 Kxh6 60. Kb4 Kg5 61. Kxb5 h5 62. Kb6 h4 63. Kc7 d5 64. Kd6 Kf4 65. Rf1+ Bf3 66. Kc5 h3 67. Kb4 h2 68. Kc3 Rg1 69. Kd3 Rxf1 70. Kc2 Rd1 71. Kc3 Rd4 72. Kb3 h1=Q 73. Kc3 Qc1+ 74. Kb3 Qc4+ 75. Ka3 Qb4+ 76. Ka2 Rd2+ 77. Ka1 Qb2# 0-1


[Site "https://www.chess.com"]

[Event "Titled Tuesday Blitz October 31 Early 2023"]
[White "Girinath, P.D.S."]
[Black "Jain Kashish Manoj"]
[WhiteFideId "5000572"]
[BlackFideId "35081098"]
[WhiteElo "2369"]
[BlackElo "2630"]
[Result "0-1"]
[Round "6"]
[TimeControl "180+1"]
[Date "2023.10.31"]
[WhiteClock "0:00:00"]
[BlackClock "0:00:03"]
[Board "74"]

1. e4 Nf6 2. e5 Nd5 3. d4 d6 4. Nf3 Bg4 5. Be2 e6 6. O-O Be7 7. c4 Nb6 8. exd6 cxd6 9. Nc3 O-O 10. b3 Nc6 11. Be3 d5 12. c5 Nd7 13. Rb1 Bf5 14. Bd3 Bxd3 15. Qxd3 Bf6 16. b4 Re8 17. Rfd1 Rc8 18. Nb5 Be7 19. Bf4 Nf6 20. Bd6 Ne4 21. Bxe7 Rxe7 22. Nd2 Nxd2 23. Qxd2 a5 24. Nd6 Ra8 25. b5 Na7 26. a4 Nc8 27. Nxc8 Rxc8 28. b6 Ra8 29. Rb5 Qd7 30. f4 Ree8 31. Rxa5 Rec8 32. Rc1 Qe8 33. Rxa8 Rxa8 34. c6 bxc6 35. a5 Qc8 36. Rc5 Qb7 37. Qc2 g6 38. h4 h5 39. Kh2 Kg7 40. Qe2 Rc8 41. Qe5+ Kg8 42. Qf6 Ra8 43. Kh3 Qd7 44. Qe5 Qb7 45. Qd6 Rc8 46. g4 hxg4+ 47. Kxg4 Ra8 48. Kg5 Qa6 49. Kf6 Qf1 50. Qc7 Rf8 51. b7 Qf2 52. b8=Q Qxd4+ 53. Ke7 Qxc5+ 54. Kd7 Rxb8 55. Qxb8+ Kg7 56. Qb2+ Kh7 57. Qf6 Kg8 58. Qd8+ Kg7 59. Qb6 Qa3 60. a6 d4 61. Qxd4+ Kg8 62. a7 c5 63. Qd6 Qxa7+ 64. Ke8 Qa8+ 65. Kd7 Qb7+ 66. Ke8 Qc8+ 67. Ke7 c4 0-1


[Site "https://www.chess.com"]

[Event "Titled Tuesday Blitz October 31 Early 2023"]
[White "chessculator16"]
[Black "Arslanov, Shamil"]
[BlackFideId "4192826"]
[WhiteElo "2349"]
[BlackElo "2628"]
[Result "0-1"]
[Round "6"]
[TimeControl "180+1"]
[Date "2023.10.31"]
[WhiteClock "0:01:32"]
[BlackClock "0:00:03"]
[Board "75"]

1. d4 e5 2. dxe5 d6 3. exd6 Bxd6 4. Nf3 Nc6 5. e3 Bg4 6. Be2 Qe7 7. O-O O-O-O 8. Qe1 Nf6 9. Nc3 h5 10. Nb5 Bc5 11. c3 a6 12. Nbd4 Nxd4 13. Nxd4 Bd6 14. b4 Bxe2 15. Qxe2 Bxh2+ 16. Kxh2 Rxd4 17. cxd4 Ng4+ 18. Kg3 g5 19. Bd2 Rg8 20. e4 f5 21. f3 f4+ 22. Kh3 Rh8 23. fxg4 hxg4+ 24. Kxg4 Qe6+ 25. Kf3 Rh3+ 26. gxh3 Qxh3+ 27. Kf2 Qg3# 0-1


[Site "https://www.chess.com"]

[Event "Titled Tuesday Blitz October 31 Early 2023"]
[White "kushbhagat2009"]
[Black "Kiseljova, Marya"]
[BlackFideId "4155009"]
[WhiteElo "2628"]
[BlackElo "2246"]
[Result "1-0"]
[Round "6"]
[TimeControl "180+1"]
[Date "2023.10.31"]
[WhiteClock "0:00:04"]
[BlackClock "0:00:07"]
[Board "76"]

1. d4 d5 2. c4 e6 3. Nc3 Nf6 4. cxd5 exd5 5. Bg5 Be7 6. e3 Bg4 7. Qb3 Nc6 8. Bxf6 Bxf6 9. Qxb7 Ne7 10. Bb5+ Kf8 11. Nge2 Rb8 12. Qa6 c6 13. Bd3 Rxb2 14. O-O g6 15. Qxa7 Kg7 16. h3 Bf5 17. Bxf5 Nxf5 18. Rab1 Qb8 19. Qd7 Ne7 20. Nf4 Qb4 21. Rxb2 Qxb2 22. Na4 Qxa2 23. Nc5 Ra8 24. g3 Ra7 25. Qe8 Ra8 26. Nfe6+ fxe6 27. Nxe6+ Kh6 28. Qf7 Ng8 29. g4 Qa7 30. g5+ Bxg5 31. Qf3 Nf6 32. Nxg5 Kxg5 33. Qf4+ Kh5 34. Qxf6 Qd7 35. Kg2 Re8 36. f4 Rxe3 37. Qg5# 1-0


[Site "https://www.chess.com"]

[Event "Titled Tuesday Blitz October 31 Early 2023"]
[White "Golizadeh, Asghar"]
[Black "Wartiovaara, Oliver"]
[WhiteFideId "12505269"]
[BlackFideId "513024"]
[WhiteElo "2769"]
[BlackElo "2546"]
[Result "0-1"]
[Round "6"]
[TimeControl "180+1"]
[Date "2023.10.31"]
[WhiteClock "0:00:00"]
[BlackClock "0:01:05"]
[Board "78"]

1. e4 c5 2. Nf3 d6 3. Bb5+ Bd7 4. Bxd7+ Qxd7 5. c4 Nc6 6. Nc3 g6 7. d4 cxd4 8. Nxd4 Bg7 9. Be3 Nf6 10. f3 O-O 11. O-O a6 12. Qd2 Rfc8 13. b3 Ne5 14. Rfd1 b5 15. cxb5 d5 16. Bf4 Nh5 17. Nxd5 Nxf4 18. Qxf4 Qb7 19. bxa6 Rxa6 20. Qe3 Nc6 21. Nxc6 Rcxc6 22. Rac1 e6 23. Rxc6 Rxc6 0-1


[Site "https://www.chess.com"]

[Event "Titled Tuesday Blitz October 31 Early 2023"]
[White "Hamitevici, Vladimir"]
[Black "TimGrutter03"]
[WhiteFideId "13902393"]
[WhiteElo "2737"]
[BlackElo "2532"]
[Result "1-0"]
[Round "6"]
[TimeControl "180+1"]
[Date "2023.10.31"]
[WhiteClock "0:02:11"]
[BlackClock "0:01:58"]
[Board "79"]

1. a3 a6 2. d4 g6 3. Nf3 Bg7 4. e3 b5 5. Be2 Bb7 6. O-O Nf6 7. b3 O-O 8. Bb2 d6 9. Nbd2 Nbd7 10. c4 bxc4 11. Nxc4 c5 12. dxc5 Nxc5 13. b4 Nce4 14. Na5 Bc8 15. Rc1 Bd7 16. Nd4 Qb6 17. Ndc6 Rfe8 18. Bd4 1-0


[Site "https://www.chess.com"]

[Event "Titled Tuesday Blitz October 31 Early 2023"]
[White "sjoerd893"]
[Black "Costachi, Mihnea"]
[BlackFideId "1217518"]
[WhiteElo "2525"]
[BlackElo "2736"]
[Result "0-1"]
[Round "6"]
[TimeControl "180+1"]
[Date "2023.10.31"]
[WhiteClock "0:00:00"]
[BlackClock "0:01:49"]
[Board "80"]

1. e4 c5 2. Nf3 Nc6 3. d4 cxd4 4. Nxd4 Nf6 5. Nc3 d6 6. Bg5 e6 7. Qd2 Be7 8. O-O-O a6 9. h4 Bd7 10. f3 b5 11. g4 Ne5 12. Bd3 Qb6 13. Nce2 h6 14. Be3 Qc7 15. g5 Nh5 16. gxh6 gxh6 17. Bxh6 Rc8 18. Bg5 f6 19. Be3 b4 20. Kb1 Nc4 21. Bxc4 Qxc4 22. Rhg1 a5 23. Ng3 Nxg3 24. Rxg3 Rxh4 25. b3 Qc3 26. Rg8+ Kf7 27. Rxc8 Qxd2 28. Bxd2 Bxc8 29. Nc6 Ba6 30. Nxa5 Be2 31. Re1 Bxf3 32. Nc6 Bxe4 33. Nxb4 f5 34. a4 e5 35. a5 Ke6 36. a6 Rh8 37. Be3 Ra8 38. Bb6 d5 39. Nc6 Rxa6 40. Nxe7 Rxb6 41. Ng8 Rxb3+ 42. Kc1 Rh3 0-1


[Site "https://www.chess.com"]

[Event "Titled Tuesday Blitz October 31 Early 2023"]
[White "Amilal Munkhdalai"]
[Black "HeroRubiksCube"]
[WhiteFideId "4903250"]
[WhiteElo "2675"]
[BlackElo "2508"]
[Result "1-0"]
[Round "6"]
[TimeControl "180+1"]
[Date "2023.10.31"]
[WhiteClock "0:02:11"]
[BlackClock "0:01:05"]
[Board "81"]

1. e4 e6 2. d4 d5 3. Nd2 c5 4. exd5 Qxd5 5. dxc5 Bxc5 6. Ngf3 Nf6 7. Bc4 Qd8 8. O-O O-O 9. Qe2 b6 10. Ne4 Bb7 11. Nxc5 bxc5 12. Bg5 h6 13. Rad1 Qe7 14. Bh4 Nc6 15. Qe3 Rac8 16. c3 Na5 17. Be2 Bd5 18. Rxd5 Nxd5 19. Bxe7 Nxe3 20. fxe3 Rfe8 21. Bh4 c4 22. Rd1 g5 23. Bg3 Rc6 24. Ne5 Rb6 25. Nd7 Rxb2 26. Nf6+ Kf8 27. Bd6+ Re7 28. Bf3 Rxa2 29. Bb4 Nb3 30. Rd8+ Kg7 31. Bxe7 1-0


[Site "https://www.chess.com"]

[Event "Titled Tuesday Blitz October 31 Early 2023"]
[White "Rendle, Thomas E"]
[Black "Pinero Rodriguez, Carlos Jose"]
[WhiteFideId "408760"]
[BlackFideId "3901726"]
[WhiteElo "2672"]
[BlackElo "2497"]
[Result "1-0"]
[Round "6"]
[TimeControl "180+1"]
[Date "2023.10.31"]
[WhiteClock "0:00:41"]
[BlackClock "0:00:18"]
[Board "82"]

1. e4 c5 2. Nf3 e6 3. g3 Nc6 4. Bg2 a6 5. O-O d6 6. b3 Nf6 7. Re1 Be7 8. Bb2 O-O 9. d4 cxd4 10. Nxd4 Bd7 11. c4 Rc8 12. Nc3 Ne5 13. f4 Ng6 14. h3 Qc7 15. Kh1 Qb8 16. Qe2 Rfe8 17. e5 dxe5 18. fxe5 Nxe5 19. Qxe5 Bd6 20. Qg5 Bxg3 21. Ne4 Nxe4 22. Rxe4 h6 23. Qe3 b5 24. Rg4 Be5 25. Qxh6 bxc4 26. Rg1 f5 27. Rxg7+ Bxg7 28. Bd5 Qe5 29. Nxf5 Qxd5+ 30. Kh2 Re7 31. Rxg7+ 1-0


[Site "https://www.chess.com"]

[Event "Titled Tuesday Blitz October 31 Early 2023"]
[White "Panda Sambit"]
[Black "Leiva, Gianmarco"]
[WhiteFideId "25091794"]
[BlackFideId "3804399"]
[WhiteElo "2491"]
[BlackElo "2670"]
[Result "0-1"]
[Round "6"]
[TimeControl "180+1"]
[Date "2023.10.31"]
[WhiteClock "0:00:36"]
[BlackClock "0:00:08"]
[Board "83"]

1. d4 Nf6 2. Nf3 d5 3. Bf4 e6 4. e3 Bd6 5. Nbd2 O-O 6. c3 c5 7. Bg3 Qc7 8. Ne5 b6 9. Bd3 Ba6 10. Bc2 Nc6 11. f4 Ne7 12. Bf2 Bb7 13. Qf3 Ne8 14. Qh3 f5 15. Ndf3 Nf6 16. g4 fxg4 17. Nxg4 Nf5 18. Ng5 Qe7 19. Nxf6+ gxf6 20. Nxe6 Qxe6 21. Bxf5 Qe7 22. Rg1+ Kh8 23. O-O-O cxd4 24. exd4 Bc8 25. Rde1 Qf7 26. Be6 Bxe6 27. Rxe6 Bxf4+ 28. Kb1 Rae8 29. Rxe8 Rxe8 30. Qf5 Bxh2 31. Rh1 Bd6 32. Bh4 Re6 33. Bg5 Kg8 34. Rh6 Be7 35. a3 Re1+ 36. Ka2 fxg5 37. Qc8+ Kg7 38. Qh3 Kg8 39. Qc8+ Bf8 40. Rd6 Re8 41. Rd8 Rxd8 42. Qxd8 h6 43. a4 g4 44. Qh4 Qg6 45. Qg3 Bd6 46. Qg2 g3 47. Qxd5+ Qf7 0-1


[Site "https://www.chess.com"]

[Event "Titled Tuesday Blitz October 31 Early 2023"]
[White "MFatigue"]
[Black "Lee, Jun Hyeok"]
[BlackFideId "13202340"]
[WhiteElo "2484"]
[BlackElo "2634"]
[Result "1-0"]
[Round "6"]
[TimeControl "180+1"]
[Date "2023.10.31"]
[WhiteClock "0:00:17"]
[BlackClock "0:00:02"]
[Board "84"]

1. e4 c5 2. a3 g6 3. h4 h5 4. Nc3 Bg7 5. Bc4 Nc6 6. d3 d6 7. Nge2 Nf6 8. Bg5 a6 9. a4 Bd7 10. Qd2 Rb8 11. Ba2 b5 12. axb5 axb5 13. O-O b4 14. Nd5 Nxd5 15. Bxd5 Bxb2 16. Bxc6 Bxc6 17. Ra7 Rb7 18. Rxb7 Bxb7 19. c3 bxc3 20. Nxc3 Ba3 21. d4 O-O 22. d5 Bb4 23. Rc1 Qd7 24. Qf4 Ra8 25. Ne2 Qg4 26. Qxg4 hxg4 27. Bxe7 Ba6 28. Nc3 c4 29. f3 Bc5+ 30. Kh2 gxf3 31. gxf3 Bb7 32. Rb1 Bc8 33. Nb5 Ra2+ 34. Kg3 Bf2+ 35. Kf4 Bd7 36. Bxd6 Bxb5 37. Rxb5 c3 38. Rb8+ Kh7 39. Be5 f6 40. Bxf6 Be1 41. Rh8# 1-0


[Site "https://www.chess.com"]

[Event "Titled Tuesday Blitz October 31 Early 2023"]
[White "Wizard_97"]
[Black "Rosenberg, Evan S"]
[BlackFideId "2019299"]
[WhiteElo "2618"]
[BlackElo "2480"]
[Result "1-0"]
[Round "6"]
[TimeControl "180+1"]
[Date "2023.10.31"]
[WhiteClock "0:00:17"]
[BlackClock "0:00:01"]
[Board "85"]

1. e4 e5 2. Nf3 Nc6 3. Bc4 Nf6 4. d3 h6 5. Nbd2 Bc5 6. c3 d6 7. h3 a6 8. Bb3 Qe7 9. Nf1 Be6 10. Ng3 g6 11. O-O O-O-O 12. d4 exd4 13. cxd4 Bxb3 14. axb3 Bb6 15. Re1 Qd7 16. d5 Ne5 17. Nxe5 dxe5 18. Qf3 Ne8 19. Be3 Bxe3 20. Qxe3 Nd6 21. Rec1 Kb8 22. Ne2 Qb5 23. Rc5 Qb6 24. Rc3 Qb5 25. Ra4 Rhe8 26. Rc5 Qb6 27. Qc3 Nb5 28. Qc4 Nd6 29. Qc3 f5 30. Rb4 Nb5 31. Qc4 fxe4 32. Ng3 Nd6 33. Qc3 Nb5 34. Qc2 e3 35. fxe3 Qa5 36. Qc4 Qa1+ 37. Kh2 Qxb2 38. Rcxb5 axb5 39. Qxb5 b6 40. Ne4 Qc2 41. d6 Rxd6 42. Nxd6 cxd6 43. Qxb6+ Kc8 44. Rc4+ 1-0


[Site "https://www.chess.com"]

[Event "Titled Tuesday Blitz October 31 Early 2023"]
[White "Kim, Sergey"]
[Black "Buchenau, Frank"]
[WhiteFideId "13700570"]
[BlackFideId "4604350"]
[WhiteElo "2608"]
[BlackElo "2460"]
[Result "1/2-1/2"]
[Round "6"]
[TimeControl "180+1"]
[Date "2023.10.31"]
[WhiteClock "0:00:46"]
[BlackClock "0:00:06"]
[Board "86"]

1. d4 e6 2. c4 Nf6 3. Nc3 Bb4 4. Qc2 c5 5. dxc5 O-O 6. Nf3 Na6 7. Bd2 Nxc5 8. e3 b6 9. Be2 Bb7 10. O-O Rc8 11. Rfd1 Nce4 12. Be1 Bxc3 13. Bxc3 b5 14. cxb5 Ng4 15. Rf1 Qc7 16. h3 Nxc3 17. hxg4 Nxe2+ 18. Qxe2 Qc2 19. Rfe1 Bxf3 20. gxf3 f5 21. Rad1 fxg4 22. fxg4 Qg6 23. Rxd7 Rc2 24. Qd1 Rcxf2 25. Rd8 h5 26. Rxf8+ Rxf8 27. Rf1 Rxf1+ 28. Kxf1 hxg4 29. Qd8+ Kh7 30. Qh4+ Kg8 31. Qd8+ Kh7 32. Qh4+ Kg8 33. Qd8+ 1/2-1/2


[Site "https://www.chess.com"]

[Event "Titled Tuesday Blitz October 31 Early 2023"]
[White "JuniorJumper"]
[Black "Rosh Jain"]
[BlackFideId "25789465"]
[WhiteElo "2607"]
[BlackElo "2437"]
[Result "1-0"]
[Round "6"]
[TimeControl "180+1"]
[Date "2023.10.31"]
[WhiteClock "0:01:14"]
[BlackClock "0:00:02"]
[Board "87"]

1. d4 Nf6 2. Bf4 d5 3. e3 c5 4. Nf3 Nc6 5. Nbd2 e6 6. c3 Bd6 7. Bg3 O-O 8. Bd3 Qc7 9. dxc5 Bxg3 10. hxg3 e5 11. e4 Rd8 12. Qe2 Bg4 13. exd5 Rxd5 14. O-O-O Rad8 15. Ne4 Nxe4 16. Bxe4 Rxd1+ 17. Rxd1 f5 18. Bxc6 Rxd1+ 19. Qxd1 bxc6 20. Qb3+ Kf8 21. Qe6 Bxf3 22. Qxf5+ Ke7 23. gxf3 g6 24. Qg5+ Ke6 25. Qg4+ Kd5 26. b4 Qg7 27. c4# 1-0


[Site "https://www.chess.com"]

[Event "Titled Tuesday Blitz October 31 Early 2023"]
[White "Leyva Proenza, Richard"]
[Black "Miszler, Levente"]
[WhiteFideId "3500985"]
[BlackFideId "763276"]
[WhiteElo "2603"]
[BlackElo "2429"]
[Result "0-1"]
[Round "6"]
[TimeControl "180+1"]
[Date "2023.10.31"]
[WhiteClock "0:00:00"]
[BlackClock "0:00:20"]
[Board "88"]

1. e4 e6 2. d4 d5 3. Nc3 Nf6 4. Bg5 Be7 5. e5 Nfd7 6. h4 h6 7. Be3 c5 8. Qg4 Kf8 9. Nf3 Nc6 10. O-O-O cxd4 11. Bxd4 Qc7 12. Bd3 Ndxe5 13. Nxe5 Nxe5 14. Qg3 Nxd3+ 15. Qxd3 Bf6 16. Nb5 Qf4+ 17. Kb1 Bxd4 18. Nxd4 Bd7 19. Qa3+ Ke8 20. Rhe1 a6 21. g3 Qc7 22. Nf5 Kd8 23. Qe7+ Kc8 24. Nd6+ Kb8 25. Nxf7 Re8 26. Qb4 Ka7 27. Ne5 Rac8 28. Qd4+ Ka8 29. Rd2 Bb5 30. Re3 Qa5 31. Ra3 Qc7 32. f4 Qd6 33. Re3 Rc7 34. a3 Rec8 35. Qb4 Qd8 36. b3 d4 37. Rxd4 Rxc2 38. Re1 Qc7 39. Rdd1 Be2 40. Nd7 Bxd1 41. Nb6+ Kb8 0-1


[Site "https://www.chess.com"]

[Event "Titled Tuesday Blitz October 31 Early 2023"]
[White "Manukyan, Sargis A."]
[Black "Avalos Parra, Joao"]
[WhiteFideId "13303970"]
[BlackFideId "3402541"]
[WhiteElo "2598"]
[BlackElo "2358"]
[Result "1-0"]
[Round "6"]
[TimeControl "180+1"]
[Date "2023.10.31"]
[WhiteClock "0:01:22"]
[BlackClock "0:00:09"]
[Board "89"]

1. d4 d5 2. c4 e6 3. Nc3 Nf6 4. cxd5 exd5 5. Bg5 c6 6. e3 h6 7. Bh4 Be7 8. Bd3 O-O 9. Nf3 Re8 10. O-O Ne4 11. Bg3 Nd6 12. Ne5 Nd7 13. Qc2 Nf6 14. f3 Be6 15. b4 a5 16. b5 Rc8 17. bxc6 Rxc6 18. Nxc6 bxc6 19. Na4 Nc4 20. Bxc4 dxc4 21. Nc3 Bb4 22. Rfd1 Nd5 23. Nxd5 cxd5 24. a3 Be7 25. e4 h5 26. e5 h4 27. Be1 g6 28. Qa4 Bf5 29. Qxa5 Qc8 30. Bb4 Bg5 31. Bd2 Bd8 32. Qxd5 Bb6 33. Be3 c3 34. Rac1 c2 35. Re1 Rd8 36. Qb3 Qa6 37. d5 Ba5 38. Rf1 Qe2 39. Rf2 Qa6 40. Rfxc2 Bxc2 41. Rxc2 h3 42. Qc4 Qb7 43. d6 hxg2 44. Kxg2 Re8 45. Qc6 Qb8 46. d7 Rd8 47. e6 fxe6 48. Qxe6+ Kg7 49. Bd4+ Kh6 50. Qh3+ Kg5 51. Qg4+ Kh6 52. Qh4# 1-0


[Site "https://www.chess.com"]

[Event "Titled Tuesday Blitz October 31 Early 2023"]
[White "Jia, Haoxiang"]
[Black "alfianasybullina"]
[WhiteFideId "8602999"]
[WhiteElo "2591"]
[BlackElo "2301"]
[Result "0-1"]
[Round "6"]
[TimeControl "180+1"]
[Date "2023.10.31"]
[WhiteClock "0:00:12"]
[BlackClock "0:01:15"]
[Board "90"]

1. d4 Nf6 2. Bf4 d5 3. e3 Bf5 4. c4 c6 5. Nc3 e6 6. Qb3 Qb6 7. c5 Qxb3 8. axb3 Nbd7 9. b4 Ne4 10. Nf3 Be7 11. b5 Nxc3 12. bxc3 f6 13. bxc6 bxc6 14. Ba6 e5 15. Bb7 Rb8 16. Bxc6 exf4 17. Bxd5 fxe3 18. fxe3 Nxc5 19. dxc5 Bxc5 20. e4 Bd7 21. Kd2 Ke7 22. Rhb1 Rhd8 23. c4 Kd6 24. Kc3 a5 25. e5+ fxe5 26. Rxb8 Rxb8 27. Rd1 Ba4 28. Rd2 Rb3+ 29. Kc2 Rxf3+ 30. Kc1 Rf1+ 31. Kb2 Bd4+ 32. Ka3 Ra1+ 33. Ra2 Rxa2+ 34. Kxa2 Kc5 0-1


[Site "https://www.chess.com"]

[Event "Titled Tuesday Blitz October 31 Early 2023"]
[White "Gontcharov, Vladislav"]
[Black "Topalov, Aleksandar"]
[WhiteFideId "4123492"]
[BlackFideId "925659"]
[WhiteElo "2574"]
[BlackElo "2258"]
[Result "1-0"]
[Round "6"]
[TimeControl "180+1"]
[Date "2023.10.31"]
[WhiteClock "0:00:42"]
[BlackClock "0:00:03"]
[Board "91"]

1. d4 Nf6 2. c4 c5 3. d5 d6 4. Nc3 g6 5. e4 Bg7 6. h3 O-O 7. Bd3 e6 8. Nf3 exd5 9. exd5 Re8+ 10. Be3 Nfd7 11. O-O Ne5 12. Nxe5 Bxe5 13. Qc2 f5 14. Qd2 Nd7 15. Rae1 Bf6 16. Kh1 Ne5 17. Be2 Bd7 18. f4 Nf7 19. g4 fxg4 20. hxg4 Bxc3 21. Qxc3 Bxg4 22. Kg2 Bxe2 23. Rxe2 Nh6 24. Rfe1 Nf5 25. Bf2 Rxe2 26. Rxe2 Qf8 27. Re6 Re8 28. Qe1 Re7 29. Qa5 Qe8 30. Qxa7 Rxe6 31. dxe6 Qxe6 32. Qb8+ Kg7 33. Qxb7+ Kh6 34. Qf3 Qxc4 35. Qh3+ Kg7 36. Qc3+ Qxc3 37. bxc3 Kf7 38. a4 Ke6 39. c4 d5 40. a5 d4 41. a6 Ne7 42. a7 d3 43. a8=Q d2 44. Qe4+ 1-0


[Site "https://www.chess.com"]

[Event "Titled Tuesday Blitz October 31 Early 2023"]
[White "Dragun, Kamil"]
[Black "Aaditya Dhingra"]
[WhiteFideId "1134167"]
[BlackFideId "25678191"]
[WhiteElo "2814"]
[BlackElo "2572"]
[Result "1-0"]
[Round "6"]
[TimeControl "180+1"]
[Date "2023.10.31"]
[WhiteClock "0:00:09"]
[BlackClock "0:00:00"]
[Board "92"]

1. d4 d5 2. c4 e6 3. Nf3 Nf6 4. Nc3 c6 5. e3 Nbd7 6. Be2 dxc4 7. a4 Bd6 8. Nd2 e5 9. Nxc4 Bc7 10. b3 O-O 11. Ba3 Re8 12. Nd6 Bxd6 13. Bxd6 e4 14. d5 cxd5 15. Nb5 Ne5 16. Rc1 a6 17. Bc7 Qe7 18. Bxe5 axb5 19. Bxf6 Qxf6 20. Bxb5 Rd8 21. O-O Qg5 22. Re1 Bh3 23. Bf1 h5 24. Kh1 Bg4 25. Qd4 h4 26. h3 Bf5 27. Rc5 Be6 28. Qxe4 dxe4 29. Rxg5 Bxb3 30. a5 Rd2 31. Kg1 Bd5 32. Re2 Rd1 33. Kh2 Bc4 34. Re1 Rxe1 35. Bxc4 Ra1 36. Rf5 R8xa5 37. Rxf7 Kh7 38. Rxb7 Rc5 39. Rb4 Rc1 40. Be6 Re5 41. Bg4 Kh6 42. Bd7 Rd1 43. Rb6+ g6 44. Bg4 Rg5 45. Bxd1 1-0


[Site "https://www.chess.com"]

[Event "Titled Tuesday Blitz October 31 Early 2023"]
[White "Weetik, Vjacheslav"]
[Black "Witty_Alien"]
[WhiteFideId "4153472"]
[WhiteElo "2726"]
[BlackElo "2247"]
[Result "1-0"]
[Round "6"]
[TimeControl "180+1"]
[Date "2023.10.31"]
[WhiteClock "0:00:07"]
[BlackClock "0:00:01"]
[Board "93"]

1. d4 e5 2. dxe5 d6 3. Nf3 Nc6 4. Bg5 Qd7 5. e4 dxe5 6. Nc3 Bd6 7. Bb5 Nf6 8. Bxf6 gxf6 9. Nd5 Qe6 10. Nh4 Kf8 11. Qd2 h5 12. Bxc6 bxc6 13. Ne3 Ba6 14. Nhf5 Bc5 15. O-O-O Bd4 16. Nxd4 exd4 17. Qxd4 Qxa2 18. Nf5 Re8 19. Qxf6 Qa1+ 20. Kd2 Qa5+ 21. c3 Rh7 22. f3 Qb5 23. c4 Qxc4 24. Rhe1 Rb8 25. Ke3 Qc5+ 26. Kf4 Re8 27. Rd8 h4 28. Rxe8+ Kxe8 29. Rd1 Bd3 30. Rxd3 Qc1+ 31. Kg4 Rg7+ 32. Nxg7+ Kf8 33. Rd8# 1-0


[Site "https://www.chess.com"]

[Event "Titled Tuesday Blitz October 31 Early 2023"]
[White "Jakubowski, Krzysztof"]
[Black "crazy_m_attack"]
[WhiteFideId "1112848"]
[WhiteElo "2674"]
[BlackElo "2417"]
[Result "1-0"]
[Round "6"]
[TimeControl "180+1"]
[Date "2023.10.31"]
[WhiteClock "0:01:08"]
[BlackClock "0:00:23"]
[Board "94"]

1. e4 e5 2. Nf3 Nc6 3. Bc4 Nf6 4. Ng5 d5 5. exd5 Na5 6. Bb5+ c6 7. dxc6 bxc6 8. Bd3 Ng4 9. Nf3 f5 10. h3 e4 11. hxg4 exd3 12. O-O Be7 13. b4 Nb7 14. g5 O-O 15. Re1 Bxg5 16. Nxg5 Qxg5 17. cxd3 f4 18. Bb2 f3 19. g3 Qh6 20. Qb3+ Kh8 21. Re7 Rg8 22. Bxg7+ Qxg7 23. Rxg7 Rxg7 24. Nc3 Re7 25. Ne4 Bf5 26. Qc3+ Kg8 27. Qc4+ Kh8 28. Qxc6 Rf8 29. Qc3+ Kg8 30. Re1 Rff7 31. a4 Nd6 32. Nf6+ Kf8 33. Nd7+ Ke8 34. Ne5 1-0


[Site "https://www.chess.com"]

[Event "Titled Tuesday Blitz October 31 Early 2023"]
[White "Xtrmntr78"]
[Black "Tsyhanchuk, Stanislav"]
[BlackFideId "13505130"]
[WhiteElo "2657"]
[BlackElo "2416"]
[Result "1-0"]
[Round "6"]
[TimeControl "180+1"]
[Date "2023.10.31"]
[WhiteClock "0:00:34"]
[BlackClock "0:00:00"]
[Board "95"]

1. c4 Nf6 2. Nc3 c5 3. Nf3 e6 4. d4 cxd4 5. Nxd4 d5 6. cxd5 Nxd5 7. Bd2 Bc5 8. Nb3 Bb6 9. e4 Nf6 10. e5 Nfd7 11. Qg4 g6 12. f4 Nc6 13. O-O-O a6 14. Ne4 Bc7 15. Bc3 O-O 16. h4 h5 17. Qf3 Qe7 18. g4 Ndxe5 19. fxe5 Nxe5 20. Bxe5 Bxe5 21. gxh5 Bd7 22. hxg6 Rac8+ 23. Kb1 f5 24. Rxd7 Qxd7 25. Nec5 Qe7 26. Qxb7 Qxb7 27. Nxb7 Rfd8 28. Bxa6 Rd7 29. N7c5 Rxc5 30. Nxc5 Rd2 31. Nd3 1-0


[Site "https://www.chess.com"]

[Event "Titled Tuesday Blitz October 31 Early 2023"]
[White "Bochnicka, Vladimir"]
[Black "Bulmaga, Irina"]
[WhiteFideId "14943450"]
[BlackFideId "13903063"]
[WhiteElo "2413"]
[BlackElo "2591"]
[Result "0-1"]
[Round "6"]
[TimeControl "180+1"]
[Date "2023.10.31"]
[WhiteClock "0:00:03"]
[BlackClock "0:01:03"]
[Board "96"]

1. e4 c5 2. Nf3 d6 3. d4 cxd4 4. Nxd4 Nf6 5. Nc3 a6 6. Be3 e5 7. Nb3 Be6 8. f3 Nbd7 9. g4 h6 10. Qd2 b5 11. O-O-O Rc8 12. h4 Qc7 13. Kb1 Nb6 14. Bd3 Nc4 15. Bxc4 bxc4 16. Nc1 Rb8 17. g5 Nd7 18. Nd5 Bxd5 19. Qxd5 c3 20. Nb3 cxb2 21. Kxb2 h5 22. Rd3 Be7 23. Rc3 Qd8 24. Rc6 a5 25. a4 O-O 26. Ka2 Rb4 27. Ka3 Qb8 28. Nxa5 Nc5 29. Bxc5 dxc5 30. Nc4 Rxa4+ 31. Kxa4 Qb4# 0-1


[Site "https://www.chess.com"]

[Event "Titled Tuesday Blitz October 31 Early 2023"]
[White "Ziatdinov, Raset"]
[Black "Ezat, Mohamed"]
[WhiteFideId "2015323"]
[BlackFideId "10600906"]
[WhiteElo "2412"]
[BlackElo "2580"]
[Result "1-0"]
[Round "6"]
[TimeControl "180+1"]
[Date "2023.10.31"]
[WhiteClock "0:00:08"]
[BlackClock "0:00:05"]
[Board "97"]

1. e4 e5 2. Nf3 Nc6 3. Bb5 Nge7 4. d4 exd4 5. Nxd4 Nxd4 6. Qxd4 c6 7. Bd3 d5 8. Nc3 Be6 9. Bg5 Qb6 10. Qxb6 axb6 11. Bxe7 Bxe7 12. exd5 cxd5 13. Bb5+ Kf8 14. O-O-O Bc5 15. f3 d4 16. Na4 Ra5 17. Nxc5 bxc5 18. a4 g6 19. b4 cxb4 20. Rxd4 b3 21. c4 Kg7 22. Kb2 Raa8 23. Kxb3 Kf6 24. Kb4 h5 25. h4 Ke5 26. Rhd1 Kf6 27. c5 Rhc8 28. Rd6 Ke7 29. Rb6 Rc7 30. Re1 Rac8 31. Re5 Kf6 32. f4 Rd8 33. g3 Rd2 34. c6 bxc6 35. Rxc6 Rb2+ 36. Kc5 Ra7 37. Re3 Kg7 38. Rc3 Ra8 39. Rb6 Rc8+ 40. Bc6 Bd7 41. Rxb2 Rxc6+ 42. Kb4 Ra6 43. a5 Ra8 44. Rc5 Rb8+ 45. Kc3 Re8 46. Kd4 Bf5 47. Rb6 Re4+ 48. Kc3 Re3+ 49. Kb4 Be6 50. a6 Rb3+ 51. Ka5 Ra3+ 52. Kb5 Rxg3 53. Rxe6 fxe6 54. a7 Ra3 55. Kb6 Rb3+ 56. Rb5 Ra3 57. Ra5 Rb3+ 58. Kc7 Rc3+ 59. Kd7 Rd3+ 60. Ke7 e5 61. a8=Q exf4 62. Qf8+ Kh7 63. Kf7 Rd7+ 64. Kf6 Rb7 65. Qe8 Rb6+ 66. Kg5 Rb5+ 67. Rxb5 f3 68. Rb7# 1-0


[Site "https://www.chess.com"]